 Dungeon Crawl Stone Soup version 0.30.0-20-g3615ddf2f0 (webtiles) character file.

Game seed: 13585765679913938935

406 qw the Chopper (level 6, -1/38 HPs)
             Began as a Gargoyle Fighter on May 31, 2023.
             Slain by a gnoll
             ... wielding a +0 halberd
              (7 damage)
             ... on level 3 of the Dungeon.
             The game lasted 00:04:19 (3950 turns).

qw the Chopper (Gargoyle Fighter)                   Turns: 3950, Time: 00:04:20

Health: -1/38      AC: 21    Str: 21    XL:     6   Next: 87%
Magic:  6/6        EV:  5    Int:  9    God:
Gold:   136        SH:  4    Dex:  9    Spells: 5/5 levels left

rFire   . . .        Y - +0 war axe
rCold   . . .        c - +0 buckler
rNeg    + . .        i - +0 plate armour
rPois   inf          (no helmet)
rElec   +            f - +0 cloak
rCorr   .            (no gloves)
SInv    .            (no boots)
Will    .....        (no amulet) Stlth
                     m - +4 ring of protection
HPRegen 0.26/turn    (no ring)
MPRegen 0.10/turn

%: no passive effects
@: no status effects
A: sickness immunity, AC +4, negative energy resistance 1, electricity
resistance, torment resistance 1, petrification resistance
a: no special abilities


You were on level 3 of the Dungeon.
You visited 1 branch of the dungeon, and saw 3 of its levels.

You collected 136 gold pieces.


Innate Abilities, Weirdness & Mutations

You are immune to sickness and miasma.
Your stone body is resilient. (AC +4)
You are immune to poison.
You resist negative energy. (rN+)
You are resistant to electric shocks. (rElec)
You are resistant to unholy torment.
You are immune to petrification.


   Skills:
 - Level 4.0 Fighting
 - Level 6.0 Axes
 + Level 3.7 Armour
 - Level 3.2 Shields


You had 5 spell levels left.
You didn't know any spells.
Your spell library was empty.

Inventory:

Hand Weapons
 h - a +0 flail
 Y - a +0 war axe (weapon)
Armour
 c - a +0 buckler (worn)
 f - a +0 cloak (worn)
 i - a +0 plate armour (worn)
Jewellery
 m - a +4 ring of protection (left hand)
Scrolls
 l - a scroll of identify
Potions
 a - a potion of resistance
 d - a potion of might
 e - a potion of mutation {unknown}
 g - a potion of attraction
 j - a potion of heal wounds {unknown}

Dungeon Overview and Level Annotations

Branches:
Dungeon (3/15)

Altars:
Ashenzari
Wu Jian

Annotations:
D:3 exclusions: gnoll and orc


Message History

The gnoll hits you but does no damage. x2; The gnoll hits you with a +0 flail.
The gnoll hits you but does no damage.
You barely miss the gnoll.
The gnoll is almost dead.
You barely miss the gnoll. You closely miss the gnoll.
The gnoll hits you but does no damage. The gnoll hits you with a +0 whip.
The gnoll hits you but does no damage. The gnoll hits you with a +0 flail.
The gnoll hits you but does no damage. The gnoll hits you with a +0 flail.
The gnoll hits you with a +0 whip. x2
You hit the gnoll.
You kill the gnoll!
You slash the gnoll! You closely miss the gnoll.
An orc comes into view. It is wielding a +0 club.
The gnoll hits you but does no damage. The gnoll closely misses you.
You barely miss the gnoll.
The gnoll is severely wounded.
You barely miss the gnoll.
The gnoll hits you from afar with a +0 halberd!
The gnoll hits you with a +0 whip. The gnoll hits you but does no damage.
You slash the gnoll!
You kill the gnoll!
You hit the gnoll but do no damage. The gnoll hits you but does no damage.
The gnoll hits you from afar with a +0 halberd.
You closely miss the gnoll.
The gnoll is moderately wounded.
The gnoll completely misses you. You block the gnoll's attack. x2
The gnoll hits you from afar with a +0 halberd.
You barely miss the gnoll.
The gnoll is moderately wounded.
The gnoll hits you but does no damage. x2
You slash the gnoll!
You kill the gnoll!
The gnoll hits you from afar with a +0 halberd.
The orc curses loudly.
You closely miss the orc. The gnoll hits you but does no damage.
The orc hits you but does no damage.
You closely miss the orc.
The gnoll hits you from afar with a +0 halberd!
You die...

#
~~~~~~~~~~~~~~~~...
#####~~~~~~~~~~~~..)
#.).#......)........
...#############'''
#(#.......)...#())
#)'...........))..
#[#...........#...
#.################
#@o....# #.)....#
#g###'## #.# ...'.
#.# ..## #'# .'. ..#
### ..#


You could see a gnoll and an orc.

Vanquished Creatures
  A black bear (D:3)
  18 gnolls (D:3)
  2 adders
  A white imp (D:3)
  2 worms
  17 orcs (D:3)
  5 bats
  6 endoplasms
  2 giant cockroaches (D:2)
  13 goblins
  3 hobgoblins
  10 jackals (D:3)
  5 quokkas
  6 ball pythons
  2 frilled lizards
  5 kobolds
  5 rats
103 creatures vanquished.

Notes
Turn   | Place    | Note
-------+----------+-------------------------------------------
     0 | D:1      | qw the Gargoyle Fighter began the quest for the Orb.
     0 | D:1      | Reached XP level 1. HP: 14/14 MP: 1/1
     0 | D:1      | 0 ||| qw: Version: 0.2-a-102-gfc559e5
     0 | D:1      | 0 ||| qw: Game counter: 609
     0 | D:1      | 0 ||| qw: Always use a shield: true
     0 | D:1      | 0 ||| qw: God list: Okawaru
     0 | D:1      | 0 ||| qw: Allow faded altars: false
     0 | D:1      | 0 ||| qw: Do Orc after D:15 true
     0 | D:1      | 0 ||| qw: Do second Lair branch before Depths: true
     0 | D:1      | 0 ||| qw: Lair rune preference: random
     0 | D:1      | 0 ||| qw: Plans: Normal, Zot:1-4, Slime:5, God:TSO, Crypt,
                  | Tomb, Pan, Hells, Abyss, Win
     0 | D:1      | 0 ||| PLANNING D:1-11
   252 | D:1      | HP: 3/14 [frozen (5)]
   254 | D:1      | Reached skill level 2 in Axes
   573 | D:1      | Reached XP level 2. HP: 15/19 MP: 2/2
  1011 | D:1      | 1011 ||| UPGRADING to +0 plate armour.
  1021 | D:1      | 1021 ||| DROPPING +0 scale mail.
  1022 | D:1      | 1022 ||| DROPPING ring of flight.
  1023 | D:1      | 1023 ||| READING scroll labelled URPHAL NUIH.
  1024 | D:1      | 1024 ||| DRINKING 2 glowing puce potions.
  1175 | D:2      | Reached skill level 3 in Axes
  1175 | D:2      | Reached XP level 3. HP: 23/23 MP: 3/3
  1235 | D:2      | Found an ornate altar of the Wu Jian Council.
  2436 | D:2      | 2436 ||| UPGRADING to +4 ring of protection.
  2437 | D:2      | 2437 ||| READING scroll labelled KEOD DEPSI.
  2438 | D:2      | 2438 ||| READING scroll labelled KEHYSH BENAMN.
  2539 | D:2      | 2539 ||| READING scroll labelled JORHINOP ISTRE.
  2540 | D:2      | 2540 ||| DRINKING 2 brown potions.
  2541 | D:2      | 2541 ||| DROPPING potion of flight.
  2653 | D:3      | 2653 ||| Stepping ~*~*~tactically~*~*~ (stealth).
  2659 | D:3      | Found a broken altar of Ashenzari.
  2736 | D:3      | Reached XP level 4. HP: 25/28 MP: 4/4
  2766 | D:3      | Reached skill level 4 in Axes
  2823 | D:3      | Noticed a black bear
  2835 | D:3      | Killed a black bear
  2836 | D:3      | Reached skill level 5 in Axes
  2836 | D:3      | Reached XP level 5. HP: 14/32 MP: 5/5
  2928 | D:3      | 2928 ||| Stepping ~*~*~tactically~*~*~ (stealth).
  2949 | D:3      | 2949 ||| Stepping ~*~*~tactically~*~*~ (stealth).
  2967 | D:3      | 2967 ||| Stepping ~*~*~tactically~*~*~ (stealth).
  3083 | D:3      | 3083 ||| READING scroll labelled TEELONLORET.
  3142 | D:3      | 3142 ||| DROPPING +0 whip.
  3148 | D:3      | 3148 ||| Stepping ~*~*~tactically~*~*~ (stealth).
  3165 | D:3      | Reached XP level 6. HP: 24/38 MP: 6/6
  3265 | D:3      | 3265 ||| Stepping ~*~*~tactically~*~*~ (stealth).
  3280 | D:3      | HP: 9/38 [gnoll/+0 whip (2)]
  3293 | D:3      | 3293 ||| FLEEEEING.
  3294 | D:3      | 3294 ||| FLEEEEING.
  3295 | D:3      | 3295 ||| FLEEEEING.
  3296 | D:3      | 3296 ||| FLEEEEING.
  3297 | D:3      | 3297 ||| FLEEEEING.
  3298 | D:3      | 3298 ||| FLEEEEING.
  3299 | D:3      | 3299 ||| FLEEEEING.
  3300 | D:3      | 3300 ||| FLEEEEING.
  3301 | D:3      | 3301 ||| FLEEEEING.
  3302 | D:3      | 3302 ||| FLEEEEING.
  3315 | D:3      | 3315 ||| FLEEEEING.
  3316 | D:3      | 3316 ||| FLEEEEING.
  3317 | D:3      | 3317 ||| FLEEEEING.
  3318 | D:3      | 3318 ||| FLEEEEING.
  3319 | D:3      | 3319 ||| FLEEEEING.
  3320 | D:3      | 3320 ||| FLEEEEING.
  3321 | D:3      | 3321 ||| FLEEEEING.
  3322 | D:3      | 3322 ||| FLEEEEING.
  3323 | D:3      | 3323 ||| FLEEEEING.
  3327 | D:3      | 3327 ||| FLEEEEING.
  3329 | D:3      | 3329 ||| FLEEEEING.
  3330 | D:3      | 3330 ||| FLEEEEING.
  3331 | D:3      | 3331 ||| FLEEEEING.
  3332 | D:3      | 3332 ||| FLEEEEING.
  3333 | D:3      | 3333 ||| FLEEEEING.
  3336 | D:3      | 3336 ||| FLEEEEING.
  3337 | D:3      | 3337 ||| FLEEEEING.
  3338 | D:3      | 3338 ||| FLEEEEING.
  3339 | D:3      | 3339 ||| FLEEEEING.
  3340 | D:3      | 3340 ||| FLEEEEING.
  3341 | D:3      | 3341 ||| FLEEEEING.
  3342 | D:3      | 3342 ||| FLEEEEING.
  3348 | D:3      | 3348 ||| FLEEEEING.
  3349 | D:3      | 3349 ||| FLEEEEING.
  3352 | D:3      | 3352 ||| FLEEEEING.
  3353 | D:3      | 3353 ||| FLEEEEING.
  3354 | D:3      | 3354 ||| FLEEEEING.
  3355 | D:3      | 3355 ||| FLEEEEING.
  3356 | D:3      | 3356 ||| STAIRDANCE
  3408 | D:2      | 3408 ||| UPGRADING to +0 cloak.
  3413 | D:2      | 3413 ||| READING scroll labelled PANUTAE OXOFUX.
  3414 | D:2      | 3414 ||| READING 3 scrolls of identify.
  3414 | D:2      | 3414 ||| IDENTIFYING metallic emerald potion
  3415 | D:2      | 3415 ||| READING 2 scrolls of identify.
  3415 | D:2      | 3415 ||| IDENTIFYING fuming brown potion
  3416 | D:2      | 3416 ||| DROPPING potion of degeneration.
  3621 | D:3      | 3621 ||| FLEEEEING.
  3622 | D:3      | 3622 ||| FLEEEEING.
  3623 | D:3      | 3623 ||| FLEEEEING.
  3624 | D:3      | 3624 ||| FLEEEEING.
  3626 | D:3      | 3626 ||| Stepping ~*~*~tactically~*~*~ (hiding).
  3628 | D:3      | 3628 ||| Stepping ~*~*~tactically~*~*~ (hiding).
  3806 | D:3      | 3806 ||| Stepping ~*~*~tactically~*~*~ (stealth).
  3822 | D:3      | 3822 ||| FLEEEEING.
  3823 | D:3      | 3823 ||| FLEEEEING.
  3824 | D:3      | 3824 ||| FLEEEEING.
  3825 | D:3      | 3825 ||| FLEEEEING.
  3826 | D:3      | 3826 ||| FLEEEEING.
  3828 | D:3      | 3828 ||| FLEEEEING.
  3829 | D:3      | 3829 ||| FLEEEEING.
  3830 | D:3      | 3830 ||| FLEEEEING.
  3831 | D:3      | 3831 ||| FLEEEEING.
  3832 | D:3      | 3832 ||| FLEEEEING.
  3833 | D:3      | 3833 ||| FLEEEEING.
  3834 | D:3      | 3834 ||| FLEEEEING.
  3835 | D:3      | 3835 ||| FLEEEEING.
  3836 | D:3      | 3836 ||| FLEEEEING.
  3837 | D:3      | 3837 ||| FLEEEEING.
  3838 | D:3      | 3838 ||| FLEEEEING.
  3839 | D:3      | 3839 ||| FLEEEEING.
  3840 | D:3      | 3840 ||| FLEEEEING.
  3934 | D:3      | Reached skill level 6 in Axes
  3945 | D:3      | HP: 8/38 [gnoll/+0 halberd (3)]
  3950 | D:3      | Slain by a gnoll

Levels and vault maps discovered:
D:1:      onia_arrival_mini_maze, layout_basic
D:2:      layout_basic, basic_altar, minmay_hedge_maze
D:3:      lemuel_castle_with_subvaults [lemuel_castle_interior_carwin_1],
          layout_basic, cheibrodos_ashenzari_chains

Skill      XL: |  1  2  3  4  5  6 |
---------------+-------------------+-----
Axes           | 2 3 5 6 |  6.0
Fighting       | 4 |  4.0
Armour         | |  3.7
Shields        | |  3.2

Action                     |  1- 3 |  4- 6 || total
---------------------------+-------+-------++-------
  Melee: War axe           |   185 |   193 ||   378
    Use: Scroll            |     4 |     4 ||     8
         Potion            |     2 |       ||     2
 Armour: Scale mail        |    14 |       ||    14
         Plate armour      |    68 |   192 ||   260
  Dodge: Dodged            |    19 |    51 ||    70
  Block: Buckler           |    21 |    37 ||    58

Table legend:
 A = Non-vault XP
 B = Vault XP
 C = Vault XP percentage of total XP
 D = Non-vault monster count
 E = Vault monster count
 F = Vault count percentage of total count
                 A         B        C        D         E       F
            +---------+---------+-------+---------+---------+-------
      Total |     260 |     321 |  55.2 |      58 |      45 |  43.7
            +---------+---------+-------+---------+---------+-------
        D:1 |      19 |       1 |   5.0 |      12 |       1 |   7.7
        D:2 |      48 |       0 |   0.0 |      21 |       0 |   0.0
        D:3 |     193 |     320 |  62.4 |      25 |      44 |  63.8
            +---------+---------+-------+---------+---------+-------
